 Dungeon Crawl Stone Soup version 0.29-a0-319-gad05b8d819 (webtiles) character file.

Game seed: 10880234097901003554

23303 sokol815 the Cleaver (level 13, -32/62 HPs)
             Began as a Vine Stalker Gladiator on Apr 2, 2022.
             Was a Follower of Ignis.
             Annihilated by a reaper
             ... wielding a +0 scythe of freezing
              (36 damage)
             ... in a Gauntlet.
             The game lasted 00:47:18 (12253 turns).

sokol815 the Cleaver (Vine Stalker Gladiator)      Turns: 12253, Time: 00:47:18

Health: -32/62     AC: 14    Str: 14    XL:     13   Next: 5%
Magic:  0/29       EV: 11    Int: 11    God:    Ignis [*.....]
Gold:   683        SH:  0    Dex: 35    Spells: 3/20 levels left

rFire   + + .      SeeInvis +   a - +1 hand axe (flame)
rCold   . . .      Faith    .   (no shield)
rNeg    + . .      Spirit   +   V - +1 scale mail "Eminueri" {*Slow Str-3 Dex+9 Slay+4}
rPois   +          Reflect  .   v - +2 helmet {SInv}
rElec   .          Harm     .   F - +2 ratskin cloak {*Rats rPois rN+ Str-1 Int-1 Dex+1}
rCorr   +          Rampage  .   (no gloves)
Will    +....      NoTele   +   O - +0 pair of boots
Stlth   +.........              (no amulet)
HPRegen 1.00/turn               r - +6 ring of dexterity
MPRegen 0.21/turn               s - ring "Gecwaes" {Contam rF+ rCorr MP+9 Dex+3 SInv}

@: on berserk cooldown, slowed, very slow
A: fangs 3, regeneration 1, magic shield, antimagic bite, no potion heal 2
a: Renounce Religion, Fiery Armour, Foxfire Swarm


You were in a Gauntlet.
You worshipped Ignis.
Ignis was aware of your devotion.
You visited 2 branches of the dungeon, and saw 12 of its levels.
You also visited: Ossuary, Bailey and Gauntlet.

You collected 942 gold pieces.
You spent 259 gold pieces at shops.

Inventory:

Hand Weapons
 a - a +1 hand axe of flaming (weapon)
   (You found it on level 1 of the Dungeon)
 b - a +1 vampiric halberd
   (You took it off a vampire in a bailey)
 f - a +1 hand axe of freezing
   (You took it off an orc on level 8 of the Dungeon)
 g - a +4 vorpal trident
   (You took it off a zombie in a bailey)
 w - the +5 executioner's axe "Gakakhli" {flame, Dex+5}
   (You found it on level 9 of the Dungeon)

   It burns those it strikes, dealing additional fire damage.
   Big, fiery blades are also staple armaments of hydra-hunters.
   Dex:       It affects your dexterity (+5).
 z - a +4 hunting sling
   (You took it off Joseph on level 7 of the Dungeon)
 A - a +2 dagger of draining
   (You took it off an orc priest on level 8 of the Dungeon)
Missiles
 i - 4 silver boomerangs
 n - 3 throwing nets {!d}
 p - 58 poisoned darts
 u - 14 boomerangs (quivered)
 C - a curare-tipped dart
 N - 8 javelins
Armour
 j - a +4 ring mail of cold resistance
   (You took it off Joseph on level 7 of the Dungeon)
 o - a +2 scale mail of fire resistance
   (You found it in a bailey)
 v - a +2 helmet of see invisible (worn)
   (You bought it in a shop on level 10 of the Dungeon)
 F - the +2 ratskin cloak (worn) {*Rats rPois rN+ Str-1 Int-1 Dex+1}
   (You found it on level 6 of the Dungeon)

   When the wearer is hurt, rats may emerge from it to assist them.
   Str:       It affects your strength (-1).
   Int:       It affects your intelligence (-1).
   Dex:       It affects your dexterity (+1).
   rPois:     It protects you from poison.
   rN:        It protects you from negative energy.
 O - a +0 pair of boots (worn)
   (You found it on level 9 of the Dungeon)
 S - +0 acid dragon scales
   (You found it in a bailey)
 V - the +1 scale mail "Eminueri" (worn) {*Slow Str-3 Dex+9 Slay+4}
   (You found it on level 9 of the Dungeon)

   Str:       It affects your strength (-3).
   Dex:       It affects your dexterity (+9).
   Slay:      It affects your accuracy & damage with ranged weapons and melee
   (+4).
   *Slow:     It may slow you when you take damage.
Jewellery
 r - a +6 ring of dexterity (left hand)
   (You found it on level 5 of the Dungeon)
 s - the ring "Gecwaes" (right hand) {Contam rF+ rCorr MP+9 Dex+3 SInv}
   (You found it on level 5 of the Dungeon)

   [ring of magical power]

   Dex:       It affects your dexterity (+3).
   rF:        It protects you from fire.
   MP:        It affects your magic capacity (+9).
   SInv:      It lets you see invisible.
   Contam:    It causes magical contamination when unequipped.
   rCorr:     It protects you from acid and corrosion.
 x - a ring of positive energy {rN+}
   (You found it on level 5 of the Dungeon)
Wands
 d - a wand of digging (5)
   (You found it on level 3 of the Dungeon)
 h - a wand of acid (4)
   (You found it on level 9 of the Dungeon)
 q - a wand of flame (18)
   (You found it on level 3 of the Dungeon)
Scrolls
 c - a scroll of identify {@r1}
 D - a scroll of blinking {!r}
 K - a scroll of immolation {!r}
 Q - 3 scrolls of fog
 W - a scroll of holy word {!r}
 Y - 2 scrolls of teleportation {@r3}
Potions
 k - 3 potions of attraction {!q}
 B - a potion of brilliance
 E - 2 potions of cancellation
 H - 2 potions of haste
 J - 7 potions of curing {@q1}
 L - 4 potions of flight
 M - a potion of magic
 R - 2 potions of resistance
 T - a potion of berserk rage {!q}
Miscellaneous
 m - a phantom mirror
   (You found it on level 9 of the Dungeon)


   Skills:
 + Level 4.3 Fighting
 - Level 13.8(14.0) Axes
 - Level 3.4(9.6) Polearms
 - Level 1.7 Throwing
 - Level 2.4 Dodging
 - Level 4.0 Spellcasting
 + Level 10.0 Conjurations
 + Level 10.0 Earth Magic


You had 3 spell levels left.
You knew the following spells:

 Your Spells              Type           Power      Damage    Failure   Level
a - Lehudib's Crystal Sp  Conj/Erth      12%        10d4      100%        8
b - Iron Shot             Conj/Erth      12%        9d3       95%         6
x - Stone Arrow           Conj/Erth      48%        3d10      5%          3

Your spell library contained the following spells:

 Spells                   Type           Power      Damage    Failure   Level
 Slow                     Hex            8%         N/A       71%         1
 Sting                    Tmut/Pois      8%         1d3       71%         1
 Poisonous Vapours        Pois/Air       4%         N/A       85%         2
 Call Canine Familiar     Summ           2%         N/A       97%         3
 Confusing Touch          Hex            2%         N/A       97%         3
 Portal Projectile        Hex/Tloc       4%         N/A       97%         3
 Vampiric Draining        Necr           2%         2d6       97%         3
 Animate Armour           Summ/Erth      26%        N/A       80%         4
 Leda's Liquefaction      Hex/Erth       6%         N/A       80%         4
 Borgnjor's Vile Clutch   Necr/Erth      6%         N/A       98%         5
 Animate Dead             Necr           1%         N/A       100%        4
 Olgreb's Toxic Radiance  Pois           2%         N/A       100%        4
 Passage of Golubria      Tloc           2%         N/A       100%        4
 Blade Hands              Tmut           1%         N/A       100%        5
 Silence                  Hex/Air        1%         N/A       100%        5
 Yara's Violent Unravell  Hex/Tmut       1%         3d3       100%        5
 Death Channel            Necr           1%         N/A       100%        6
 Enfeeble                 Hex            1%         N/A       100%        7


Dungeon Overview and Level Annotations

Branches:
Dungeon (10/15)            Temple (0/1) D:5            Lair (2/6) D:10
Ossuary (visited)          Bailey (visited)         Gauntlet (1/1)
  Swamp: Lair:2-4    Shoals: Lair:2-4     Snake: Lair:2-4    Spider: Lair:2-4
    Orc: D:9-12

Altars:
Hepliaklqana
Ignis

Shops:
D:1 *   D:3 *   D:4 (   D:8 *   D:10 [

Annotations:
D:7 3 runed translucent doors, RollWeevil's ghost, novice MiFi Gauntlet 11 transporters


Innate Abilities, Weirdness & Mutations

You have razor-sharp teeth.
Your natural rate of healing is unusually fast.
When hurt, damage is shared between your health and your magic reserves.
Your bite disrupts and absorbs the magic of your enemies.
Potions cannot restore your health.


Message History

Search for what [Enter for "artif && here", or ? for help]? artif | here Can't find anything matching that.
Search for what [Enter for "artif | here", or ? for help]? here Can't find anything matching that.
Search for what [Enter for "here", or ? for help]? artif | .
Can't find anything matching that.
Search for what [Enter for "artif | .", or ? for help]? artif|.
Can't find anything matching that.
Search for what [Enter for "artif|.", or ? for help]? artif && .
Can't find anything matching that.
Search for what [Enter for "artif && .", or ? for help]? artif & .
Can't find anything matching that.
Search for what [Enter for "artif & .", or ? for help]? .
Search for what [Enter for "."]? artif The shadow imp lashes its tail.
Okay, then.
The shadow imp disappears for a moment.
There is a transporter here.
Okay, then.
Okay, then.
Here: a hellwing (fire blocked by a translucent stone wall)
The floor.
Unknown command.
You start removing your armour.
You continue taking off your +4 ring mail of cold resistance.
The reaper beckons to you.
You continue taking off your +4 ring mail of cold resistance. x3
You finish taking off your +4 ring mail of cold resistance.
You feel less resistant to cold.
You start putting on your armour.
You continue putting on the +1 scale mail "Eminueri" {*Slow Str-3 Dex+9 Slay+4}. x5
You finish putting on the +1 scale mail "Eminueri" {*Slow Str-3 Dex+9 Slay+4}.
You feel weaker.
You feel agile.
Unknown command.
You enter the transporter and appear at another place.
The reaper shouts, "Death awaits you!" The hellwing hits you!
The hellwing completely misses you.
You take 5 damage, and have 57/62 hp.
You now have 27/29 mp.
You slash the hellwing! You burn the hellwing. Your bite misses the hellwing.
You hit the hellwing. You burn the hellwing. The hellwing closely misses you.
The hellwing hits you!
You take 4 damage, and have 54/62 hp.
You now have 25/29 mp.
You hit the hellwing but do no damage. You hit the hellwing but do no damage.
You bite the hellwing, but do no damage.
The hellwing hits you but does no damage. x2
You completely miss the hellwing.
You punch the hellwing, but do no damage.
The hellwing hits you but does no damage. x2
The hellwing attacks as you move away! The hellwing barely misses you.
The hellwing misses you. The hellwing drops a net on you.
You become entangled in the net!
The reaper hits you with a +0 scythe of freezing!!
A hell rat scurries out from under your cloak.
The reaper freezes you!
A river rat scurries out from under your cloak.
The hellwing barely misses your hell rat.
The hellwing misses your hell rat.
You see here a throwing net {!d}.
You take 22 damage, and have 33/62 hp.
MASSIVE DAMAGE!!
You now have 15/29 mp.
Really quaff
T - 2 potions of berserk rage {!q}?
A red film seems to cover your vision as you go berserk!
You feel yourself moving faster!
You feel mighty!
Your hell rat barely misses the reaper.
The hellwing hits you but does no damage.
The hellwing hits you.
The reaper hits you with a +0 scythe of freezing!!
The reaper freezes you!
* * * LOW HITPOINT WARNING * * *
Your river rat completely misses the hellwing.
The hellwing hits your hell rat but does no damage.
The hellwing hits your hell rat.
You now have 25/93 hp.
You struggle against the net.
You feel a strong urge to attack something.
Your hell rat bites the reaper.
You tear a large gash into the net.
Your river rat barely misses the hellwing.
The hellwing hits you but does no damage. x2
The reaper hits you with a +0 scythe of freezing!!
* * * LOW HITPOINT WARNING * * *
The reaper freezes you.
* * * LOW HITPOINT WARNING * * *
The hellwing hits your hell rat!
Your hell rat dies!
You take 17 damage, and have 8/93 hp.
You now have 3/29 mp.
You are too berserk!
You shred the net and break free!
You feel your anger nearly subside.
You are no longer berserk.
You are exhausted.
You feel yourself slow down. The hellwing closely misses you.
The hellwing hits you.
* * * LOW HITPOINT WARNING * * *
Your river rat bites the hellwing but does no damage.
The reaper hits you with a +0 scythe of freezing!!!
Ouch! That really hurt!
You die...

.#[.##.#..##...#[?##..##...≈#
.#[##...##b#####.?.##..#...##
.#..#...#bb#...#525....#...§#
.#...#.#.bt#...#########...##
.###########...............≈#
.............8.....8.....8.##
8.....8.....................##
..............###########...≈#
..#########...#.@2..#...#...##
..#h...bhb#...#r4##4^#..#.∩.≈#
..#!###.#b#####..#..##..#...##
..#.###.bb#...#[.##..#..#...≈#
8.#h###©.b#©.©#©.#^©##..#©8.##
..#bbt.##t#...#}.##..#..#...≈#
..#[..^##.#####$.#..##..#...##
..#.......#...#.^##.^#..#.∩.≈#
..#########...#..^..#...#...##


You could see 2 reapers, 2 fire crabs, 2 hellwings, 8 fire bats, 2 shadow imps
and a friendly river rat.

Vanquished Creatures
  A hydra (D:10)
  An ogre mage (D:10)
  3 centaur warriors (D:9)
  2 two-headed ogres
  A tengu warrior (D:10)
  A fire crab (D:9)
  Pikel (D:5)
  An orc knight (D:9)
  A deep elf pyromancer (D:9)
  2 cyclopes (D:9)
  A manticore (D:9)
  2 ugly things (D:9)
  Joseph (D:7)
  Maggie (D:7)
  A gargoyle (Bailey)
  A cane toad (shapeshifter) (D:9)
  2 komodo dragons
  A tengu conjurer (D:9)
  A freezing wraith (D:10)
  A yaktaur (D:9)
  2 trolls (D:10)
  Grinder (D:5)
  Prince Ribbit (D:5)
  A hornet (D:9)
  3 blink frogs (Lair:2)
  Sigmund (D:5)
  2 vampires
  A shadow (D:9)
  2 wyverns (D:9)
  25 yaks
  A steam dragon (D:9)
  2 basilisks (D:9)
  A vampire mosquito (D:9)
  An acid dragon (D:10)
  3 water moccasins
  3 orc warriors
  5 black bears
  6 wolves
  2 centaurs
  An ogre (D:5)
  A lemure (D:5)
  3 kobold brigands
  3 scorpions
  5 bullfrogs
  A necrophage (D:7)
  4 killer bees (D:6)
  2 electric eels (D:10)
  6 vampire bats (Bailey)
  9 wolf zombies (Bailey)
  2 howler monkeys
  4 jellies
  8 hounds
  5 orc priests
  2 gnoll shamans
  5 iguanas
  Ijyb (D:4)
  9 orc wizards
  4 hell rats (D:6)
  A centaur simulacrum (D:9)
  A killer bee simulacrum (D:9)
  8 mummies (Ossuary)
  3 gnolls (D:7)
  11 adders
  16 river rats (D:6)
  A shadow imp (D:6)
  A white imp (D:7)
  3 worms
  12 dart slugs
  18 orcs
  6 ball pythons
  7 bats
  8 endoplasms
  6 giant cockroaches
  3 gnoll zombies (Ossuary)
  7 goblins
  9 hobgoblins
  3 jackals (D:1)
  2 quokkas
  7 frilled lizards
  A hobgoblin zombie (Ossuary)
  14 kobolds
  24 orc zombies
  4 rats
340 creatures vanquished.

Vanquished Creatures (collateral kills)
  A centaur warrior (D:9)
  A wolf (Lair:2)
  A centaur (D:10)
  An orc (D:9)
4 creatures vanquished.

Vanquished Creatures (others)
  A killer bee (D:9)
  62 foxfires (D:9)
  7 fungi
  5 plants (Lair:2)
75 creatures vanquished.

Grand Total: 419 creatures vanquished

Notes
Turn   | Place    | Note
-------+----------+-------------------------------------------
     0 | D:1      | sokol815 the Vine Stalker Gladiator began the quest for the
                  | Orb.
     0 | D:1      | Reached XP level 1. HP: 11/11 MP: 2/2
   241 | D:1      | Reached skill level 3 in Polearms
   302 | D:1      | Reached XP level 2. HP: 15/15 MP: 3/3
   372 | D:1      | Found Heumnipid's General Store.
   555 | D:1      | Found a faded altar of an unknown god.
   570 | D:1      | Prayed at the altar of an unknown god.
   570 | D:1      | Became a worshipper of Ignis, the Dying Flame
   819 | D:1      | Reached skill level 1 in Axes
  1054 | D:2      | Reached XP level 3. HP: 18/18 MP: 4/4
  1451 | D:2      | Reached skill level 2 in Axes
  1565 | D:2      | Gained mutation: Your natural rate of healing is unusually
                  | fast. [Vine Stalker growth]
  1565 | D:2      | Reached XP level 4. HP: 16/23 MP: 3/5
  2196 | D:3      | Reached skill level 3 in Axes
  2276 | D:3      | Reached XP level 5. HP: 21/26 MP: 4/6
  2690 | D:3      | Found Honkoding's Assorted Antiques.
  2835 | D:3      | Reached skill level 4 in Axes
  3239 | D:4      | Reached skill level 5 in Axes
  3239 | D:4      | Reached XP level 6. HP: 18/30 MP: 7/7
  3266 | D:4      | Noticed Ijyb
  3282 | D:4      | Killed Ijyb
  3363 | D:4      | Found Isistran's Weapon Shop.
  3904 | D:5      | Entered Level 5 of the Dungeon
  3940 | D:5      | Found a staircase to the Ecumenical Temple.
  4054 | D:5      | Found a sand-covered staircase.
  4079 | Ossuary  | Entered an ossuary
  4094 | Ossuary  | HP: 1/30 [mummy (13)]
  4103 | Ossuary  | Reached XP level 7. HP: 9/34 MP: 1/8
  4104 | Ossuary  | Reached skill level 6 in Axes
  4106 | Ossuary  | HP: 5/34 [mummy (8)]
  4490 | D:5      | Noticed Grinder
  4490 | D:5      | Noticed Prince Ribbit
  4500 | D:5      | Killed Prince Ribbit
  4501 | D:5      | Reached skill level 7 in Axes
  4511 | D:5      | Paralysed by Grinder for 5 turns
  4519 | D:5      | Killed Grinder
  4520 | D:5      | Reached skill level 8 in Axes
  4520 | D:5      | Gained mutation: You have razor-sharp teeth. [Vine Stalker
                  | growth]
  4520 | D:5      | Reached XP level 8. HP: 13/38 MP: 3/9
  4630 | D:5      | Identified the ring "Gecwaes" {Contam rF+ rCorr MP+9 Dex+3
                  | SInv}
  4769 | D:5      | Noticed Sigmund
  4778 | D:5      | Killed Sigmund
  4779 | D:5      | Reached skill level 9 in Axes
  4809 | D:5      | Noticed Pikel
  4821 | D:5      | Killed Pikel
  4822 | D:5      | Reached skill level 10 in Axes
  4822 | D:5      | Reached XP level 9. HP: 21/42 MP: 9/10
  5364 | D:6      | HP: 9/42 [killer bee (4)]
  5369 | D:6      | HP: 8/63 [killer bee (1)]
  5484 | D:6      | Reached skill level 11 in Axes
  5740 | D:6      | Found the +2 ratskin cloak {*Rats rPois rN+ Str-1 Int-1
                  | Dex+1}
  6196 | D:7      | Found a runed translucent gate.
  6197 | D:7      | Found a runed translucent gate.
  6198 | D:7      | Noticed RollWeevil's ghost (novice MiFi)
  6202 | D:7      | Found a runed translucent gate.
  6203 | D:7      | Noticed a troll
  6274 | D:7      | Reached skill level 12 in Axes
  6327 | D:7      | HP: 7/42 [orc warrior/+0 trident (6)]
  6465 | D:7      | Reached XP level 10. HP: 46/46 MP: 11/11
  6672 | D:7      | Noticed Joseph
  6696 | D:7      | Killed Joseph
  6757 | D:7      | Noticed Maggie
  6777 | D:7      | Killed Maggie
  6877 | D:7      | Learned a level 8 spell: Lehudib's Crystal Spear
  6914 | D:8      | Reached skill level 13 in Axes
  6980 | D:8      | Reached skill level 1 in Spellcasting
  6984 | D:8      | Found Mliudgh's Merry Market.
  6993 | D:8      | Bought a scroll of magic mapping for 49 gold pieces
  7241 | D:8      | Reached skill level 1 in Conjurations
  7241 | D:8      | Reached skill level 1 in Earth Magic
  7387 | D:9      | Reached skill level 2 in Spellcasting
  7387 | D:9      | Reached skill level 2 in Conjurations
  7387 | D:9      | Reached skill level 2 in Earth Magic
  7412 | D:9      | Found a flagged portal.
  7447 | Bailey   | Entered a bailey
  7887 | Bailey   | Noticed a gargoyle
  7902 | Bailey   | Killed a gargoyle
  7903 | Bailey   | Reached skill level 3 in Spellcasting
  7903 | Bailey   | Reached skill level 3 in Conjurations
  7903 | Bailey   | Reached skill level 3 in Earth Magic
  7938 | Bailey   | Reached XP level 11. HP: 44/50 MP: 16/16
  8245 | D:9      | Noticed a centaur warrior
  8253 | D:9      | Noticed a cyclops
  8253 | D:9      | Noticed a manticore
  8253 | D:9      | Noticed a centaur warrior
  8253 | D:9      | Noticed a centaur warrior
  8253 | D:9      | Noticed a centaur warrior
  8259 | D:9      | HP: 11/50 [manticore (3)]
  8260 | D:9      | HP: 2/50 [cyclops/large rock (10)]
  8260 | D:9      | Noticed a cyclops
  8632 | D:9      | Killed a centaur warrior
  8849 | D:8      | Learned a level 6 spell: Iron Shot
  8853 | D:8      | Learned a level 3 spell: Stone Arrow
  8904 | D:9      | Noticed an orc knight
  8934 | D:9      | Killed an orc knight
  8935 | D:9      | Reached skill level 4 in Spellcasting
  8935 | D:9      | Reached skill level 4 in Conjurations
  8935 | D:9      | Reached skill level 4 in Earth Magic
  8944 | D:9      | Noticed a cyan ugly thing
  8963 | D:9      | Killed a cyan ugly thing
  8968 | D:9      | Killed a cyclops
  8969 | D:9      | Reached skill level 5 in Conjurations
  8969 | D:9      | Reached skill level 5 in Earth Magic
  8977 | D:9      | Killed a centaur warrior
  9007 | D:9      | Noticed a fire crab
  9029 | D:9      | Killed a fire crab
  9030 | D:9      | Reached skill level 6 in Conjurations
  9072 | D:9      | Noticed a cyclops
  9093 | D:9      | Killed a cyclops
  9094 | D:9      | Reached skill level 6 in Earth Magic
  9097 | D:9      | Identified the +1 scale mail "Eminueri" {*Slow Str-3 Dex+9
                  | Slay+4}
  9208 | D:9      | Killed a manticore
  9392 | D:9      | Found a hazy altar of Hepliaklqana.
  9527 | D:9      | Killed a centaur warrior
  9528 | D:9      | Reached skill level 7 in Conjurations
  9528 | D:9      | Reached skill level 7 in Earth Magic
  9591 | D:9      | Noticed a red ugly thing
  9597 | D:9      | Reached XP level 12. HP: 54/54 MP: 19/19
  9640 | D:9      | Identified the +5 executioner's axe "Gakakhli" {flame,
                  | Dex+5}
  9644 | D:9      | Identified the +1 scale mail "Elash" {rF+ Str+3}
  9707 | D:9      | Killed a centaur warrior
  9708 | D:9      | Reached skill level 8 in Conjurations
  9769 | D:9      | Reached skill level 8 in Earth Magic
  9889 | D:10     | Entered Level 10 of the Dungeon
  9892 | D:10     | Noticed a two-headed ogre
  9894 | D:10     | Noticed a six-headed hydra
  9910 | D:9      | Killed a two-headed ogre
  9962 | D:10     | Killed a one-headed hydra
 10021 | D:10     | Noticed a tengu warrior
 10030 | D:10     | Killed a tengu warrior
 10327 | D:10     | Noticed a two-headed ogre
 10335 | D:10     | Killed a two-headed ogre
 10336 | D:10     | Reached skill level 9 in Conjurations
 10386 | D:10     | Found a staircase to the Lair.
 10394 | D:10     | Reached skill level 9 in Earth Magic
 10402 | D:10     | Reached skill level 2 in Fighting
 10687 | D:10     | HP: 14/56 [freezing wraith (4)]
 10687 | D:10     | HP: 3/56 [freezing wraith (11)]
 11063 | D:10     | Found Fazoroc's Antique Armour Shoppe.
 11068 | D:10     | Bought a glowing helmet for 210 gold pieces
 11169 | D:10     | Noticed an ogre mage
 11181 | D:10     | Killed an ogre mage
 11182 | D:10     | Reached skill level 3 in Fighting
 11429 | D:10     | HP: 13/56 [freezing wraith (7)]
 11571 | Lair:1   | Entered Level 1 of the Lair of Beasts
 11720 | Lair:1   | You fall into a shaft and drop 1 floor!
 11894 | Lair:2   | Reached skill level 4 in Fighting
 11901 | Lair:2   | Reached XP level 13. HP: 33/61 MP: 14/20
 11942 | Lair:2   | Found a gate leading to a gauntlet.
 11996 | Lair:2   | Reached skill level 10 in Conjurations
 12014 | Lair:2   | Reached skill level 10 in Earth Magic
 12047 | Gauntlet | Entered a Gauntlet
 12047 | Gauntlet | Found a transporter.
 12056 | Gauntlet | Found a transporter.
 12058 | Gauntlet | Noticed a reaper
 12062 | Gauntlet | Noticed a reaper
 12072 | Gauntlet | Found a transporter.
 12076 | Gauntlet | Found a transporter.
 12087 | Gauntlet | Found a transporter.
 12105 | Gauntlet | Found a transporter.
 12118 | Gauntlet | Found a transporter.
 12140 | Gauntlet | Found a transporter.
 12142 | Gauntlet | Found a transporter.
 12150 | Gauntlet | Found a transporter.
 12175 | Gauntlet | Found a transporter.
 12175 | Gauntlet | Found a transporter.
 12252 | Gauntlet | HP: 9/93 [reaper/+0 scythe of freezing (17)]
 12253 | Gauntlet | HP: 4/62 [hellwing (2)]
 12253 | Gauntlet | Annihilated by a reaper

Illustrated notes

Levels and vault maps discovered:
D:1:      tarquinn_simple_flora_water_c, layout_loops_ring,
          hellmonk_ecumenical_altar_pennies_from_heaven, serial_shops, shop
D:2:      layout_loops_corners, ebering_dispersal_statue_hall
D:3:      minmay_diamond_boxcup, layout_basic, serial_shops,
          nicolae_shop_waterfront, minmay_randomly_rotated_circles
D:4:      layout_basic, serial_bayou_pond_c, grunt_decor_fettered,
          kennysheep_small_square, uniq_ijyb
D:5:      layout_basic, temple_green, nicolae_ossuary_entry_false_entrances,
          uniq_pikel, uniq_grinder, uniq_sigmund, uniq_prince_ribbit1
D:6:      wander_guarded_unrand_ratskin, layout_basic
D:7:      layout_rooms, gammafunk_ghost_split, interstate_on_off, hex_large,
          hex_medium, uniq_joseph, uniq_maggie
D:8:      layout_cave_pools, nicolae_alphabet_shops
D:9:      layout_big_octagon, kennysheep_mini, enter_bailey_5,
          nicolae_rejected_hall
D:10:     layout_stronghold, erik_lair_island, serial_shops, shop, kb_rosetta
Lair:1:   gammafunk_indiana_jones, layout_regular_city, serial_bayou_shore_a,
          grunt_megastairs_2, infiniplex_staircase_pool
Lair:2:   layout_chaotic_city, gauntlet_entry_generic,
          cheibrodos_lair_reptile_den, serial_bayou_shore_b
Gauntlet: minmay_gauntlet_mixed_oops_all_seconds [minmay_gauntlet_arena_77_mess,
          gammafunk_gauntlet_arena_teeth, minmay_gauntlet_arena_77_two_lines,
          gammafunk_gauntlet_arena_split_diamond,
          minmay_gauntlet_arena_77_block_sizes,
          gammafunk_gauntlet_arena_chambers, gauntlet_exit_hidden_loot]

Skill      XL: |  1  2  3  4  5  6  7  8  9 10 11 12 13 |
---------------+----------------------------------------+-----
Polearms       | 3 |  3.4
Axes           | 1 2 3 5 8 10 12 13 | 13.8
Spellcasting   | 3 4 |  4.0
Conjurations   | 3 7 9 10 | 10.0
Earth Magic    | 3 7 9 10 | 10.0
Fighting       | 4 |  4.3
Throwing       | |  1.7
Dodging        | |  2.4

Action                   |  1- 3 |  4- 6 |  7- 9 | 10-12 | 13-15 || total
-------------------------+-------+-------+-------+-------+-------++-------
Melee: Trident           |    17 |       |       |       |       ||    17
       Bite              |    13 |    45 |    80 |   264 |    18 ||   420
       Hand axe          |    53 |   165 |   237 |   651 |    43 ||  1149
       Punch             |     1 |     3 |     2 |    22 |     1 ||    29
       Unarmed           |       |     8 |       |       |       ||     8
Throw: Javelin           |     1 |       |       |     4 |       ||     5
       Boomerang         |       |       |       |       |     1 ||     1
Invok: Fiery Armour      |       |       |     2 |     3 |       ||     5
       Foxfire Swarm     |       |       |       |     3 |       ||     3
       Rising Flame      |       |       |       |     1 |       ||     1
Evoke: Wand              |       |       |       |     5 |       ||     5
  Use: Scroll            |     1 |     8 |     8 |    16 |       ||    33
       Potion            |       |     2 |     3 |     7 |     1 ||    13
 Stab: Sleeping          |     1 |     1 |       |     1 |       ||     3
Armor: Leather armour    |    24 |    28 |       |       |       ||    52
       Chain mail        |       |    33 |    24 |       |       ||    57
       Skin              |       |     1 |       |       |       ||     1
       Plate armour      |       |       |   101 |    11 |       ||   112
       Ring mail         |       |       |       |   169 |     4 ||   173
       Scale mail        |       |       |       |    53 |     7 ||    60
Dodge: Dodged            |    34 |    75 |    61 |   329 |    10 ||   509

Table legend: (Time is in decaauts)
 A = Elapsed time spent in this place.
 B = Non-inter-level travel time spent in this place.
 C = Inter-level travel time spent in this place.
 D = Time resting spent in this place.
 E = Time spent auto-exploring this place.
 F = Levels seen in this place.
 G = Mean time per level.
                   A        B        C        D        E       F      G
               +--------+--------+--------+--------+--------+-----+--------+
         Total |  12026 |  11301 |    725 |   1501 |   7242 |  15 |  801.7 |
       Dungeon |  10521 |   9797 |    724 |   1262 |   6678 |  10 | 1052.1 |
          Lair |    414 |    414 |      0 |      0 |    110 |   2 |  207.0 |
       Ossuary |    253 |    253 |      0 |     57 |    112 |   1 |  253.0 |
        Bailey |    634 |    634 |      0 |    182 |    187 |   1 |  634.0 |
      Gauntlet |    203 |    203 |      0 |      0 |    155 |   1 |  203.0 |
               +--------+--------+--------+--------+--------+-----+--------+

Top non-repeatable levels by time:
    D:10: 1610 daAuts
     D:9: 1291 daAuts
     D:5: 1181 daAuts
     D:2: 1151 daAuts
     D:1: 1059 daAuts
     D:3: 966 daAuts
     D:6: 862 daAuts
     D:4: 835 daAuts
     D:8: 802 daAuts
     D:7: 759 daAuts
  Bailey: 634 daAuts
  Lair:2: 274 daAuts
 Ossuary: 253 daAuts
Gauntlet: 203 daAuts
  Lair:1: 140 daAuts

Table legend:
 A = Kills in this place as a percentage of kills in entire the game.
 B = Kills by you in this place as a percentage of kills by you in the entire game.
 C = Kills by friends in this place as a percentage of kills by friends in the entire game.
 D = Other kills in this place as a percentage of other kills in the entire game.
 E = Experience gained in this place as a percentage of experience gained in the entire game.
 F = Experience gained in this place divided by the number of levels of this place that you have seen.
                   A       B       C       D       E      F
               +-------+-------+-------+-------+-------+----------------------
         Total | 100.0 | 100.0 | 100.0 | 100.0 | 100.0 | 2219.3
       Dungeon |  77.9 |  77.9 |  75.0 | 100.0 |  81.5 | 2714.2
          Lair |   6.7 |   6.5 |  25.0 |   0.0 |  13.4 | 2225.0
       Ossuary |   4.7 |   4.7 |   0.0 |   0.0 |   0.5 | 153.0
        Bailey |  10.8 |  10.9 |   0.0 |   0.0 |   4.6 | 1545.0
               +-------+-------+-------+-------+-------+----------------------
